 Dungeon Crawl Stone Soup version 0.29-a0-563-g64e4043184 (webtiles) character file.

Game seed: 4302571909328291403

5 dolemite99 the Firebug (level 2, 0/20 HPs)
             Began as a Meteoran Fire Elementalist on June 12, 2022.
             Slain by a rat (2 damage)
             ... on level 1 of the Dungeon.
             The game lasted 00:00:15 (52 turns).

dolemite99 the Firebug (Meteoran Fire Elementalist)   Turns: 52, Time: 00:00:16

Health: 0/20       AC:  2    Str:  9    XL:     2   Next: 5%
Magic:  2/6        EV: 12    Int: 16    God:
Gold:   0          SH:  0    Dex: 14    Spells: 5/6 levels left

rFire   . . .      SeeInvis .   (no weapon)
rCold   . . .      Faith    .   (no shield)
rNeg    . . .      Spirit   .   a - +0 robe
rPois   .          Reflect  .   (no helmet)
rElec   .          Harm     .   (no cloak)
rCorr   .          Rampage  .   (no gloves)
Will    .....                   (no boots)
Stlth   +.........              (no amulet)
HPRegen 0.06/turn               (no ring)
MPRegen 0.10/turn               (no ring)

@: glowing
A: sense surroundings 1, otherworldly, glowing, explore regen
a: no special abilities


You were on level 1 of the Dungeon.
You visited 1 branch of the dungeon, and saw 1 of its levels.

Inventory:

Armour
 a - a +0 robe (worn)
Potions
 b - a potion of magic


   Skills:
 - Level 2.4 Dodging
 - Level 1.4 Stealth
 - Level 2.6 Spellcasting
 + Level 2.2 Conjurations
 - Level 3.6 Fire Magic


You had 5 spell levels left.
You knew the following spells:

 Your Spells              Type           Power      Damage    Failure   Level
a - Foxfire               Conj/Fire      44%        2x1d6     6%          1

Your spell library contained the following spells:

 Spells                   Type           Power      Damage    Failure   Level
 Scorch                   Fire           26%        2d6       7%          2
 Conjure Flame            Conj/Fire      11%        6-21      17%         3
 Inner Flame              Hex/Fire       7%         N/A       28%         3
 Flame Wave               Conj/Fire      11%        2d5       50%         4


Dungeon Overview and Level Annotations

Branches:
Dungeon (1/15)

Altars:


Innate Abilities, Weirdness & Mutations

You passively map a small area around you.
You are easily found by Zot.
You glow in the dark.
You regain HP and MP as you explore.


Message History

The hobgoblin is lightly wounded.
The foxfire hits the ball python.
You kill the ball python!
Casting: Foxfire (safe; 7% risk of failure)
Confirm with . or Enter, or press ? or * to list all spells.
You conjure some foxfire!
The kobold hits you with a +0 club. The hobgoblin hits you.
The goblin misses you.
The foxfire hits the goblin.
The goblin is heavily wounded.
The foxfire hits the goblin.
You kill the goblin!
The kobold hits you with a +0 club.
A rat comes into view.
The hobgoblin hits you.
Casting: Foxfire (safe; 6% risk of failure)
Confirm with . or Enter, or press ? or * to list all spells.
You conjure some foxfire!
The kobold barely misses you. The hobgoblin hits you.
* * * LOW HITPOINT WARNING * * *
The foxfire hits the hobgoblin.
The hobgoblin is heavily wounded.
The foxfire hits the hobgoblin.
You kill the hobgoblin!
The kobold hits you with a +0 club.
* * * LOW HITPOINT WARNING * * *
A rat comes into view.
Your Conjurations skill increases to level 2!
Casting: Foxfire (safe; 6% risk of failure)
Confirm with . or Enter, or press ? or * to list all spells.
You conjure some foxfire!
The kobold misses you.
The foxfire hits the kobold.
You kill the kobold!
The foxfire hits the rat.
You kill the rat!
The rat bites you but does no damage.
You have reached level 2!
Found a bubbling silvery potion.
The rat attacks as you move away! The rat bites you.
* * * LOW HITPOINT WARNING * * *
The rat attacks as you move away! The rat bites you.
You die...

#..##.##.# #..
≈ * #...#,#...#
##. **
#..##.##..## ,
, .. #...##
#.##†.## *
,,#.).## ,* , ,
, #.†).## ,
#....r#####..
*#.##..@.......
> ..#
#.....###.# *
*#.. #.##$..# *
## ..# #...# ,*
* #... .##.# ,*
#!#, ,#, .#**
** #. .. * ,
,..#


You could see a rat.

Vanquished Creatures
  A ball python (D:1)
  A goblin (D:1)
  A hobgoblin (D:1)
  A kobold (D:1)
  A rat (D:1)
5 creatures vanquished.

Vanquished Creatures (others)
  8 foxfires (D:1)
8 creatures vanquished.

Grand Total: 13 creatures vanquished

Notes
Turn   | Place    | Note
-------+----------+-------------------------------------------
     0 | D:1      | dolemite99 the Meteoran Fire Elementalist began the quest
                  | for the Orb.
     0 | D:1      | Reached XP level 1. HP: 14/14 MP: 5/5
    50 | D:1      | Reached XP level 2. HP: 2/20 MP: 1/6
    52 | D:1      | Slain by a rat

Illustrated notes

Levels and vault maps discovered:
D:1:      sevenhm_arrival_forest_fort_small_6, layout_loops_cross, minmay_vboxes

Skill      XL: |  1 |
---------------+----+-----
Conjurations   | 2 |  2.2
Dodging        | |  2.4
Stealth        | |  1.4
Spellcasting   | |  2.6
Fire Magic     | |  3.6

Action                   || total
-------------------------++-------
 Cast: Foxfire           ||     4
Armor: Robe              ||     1
Dodge: Dodged            ||     3

Table legend: (Time is in decaauts)
 A = Elapsed time spent in this place.
 B = Non-inter-level travel time spent in this place.
 C = Inter-level travel time spent in this place.
 D = Time resting spent in this place.
 E = Time spent auto-exploring this place.
 F = Levels seen in this place.
 G = Mean time per level.
                   A        B        C        D        E       F      G
               +--------+--------+--------+--------+--------+-----+--------+
         Total |     52 |     52 |      0 |      0 |     40 |   1 |   52.0 |
       Dungeon |     52 |     52 |      0 |      0 |     40 |   1 |   52.0 |
               +--------+--------+--------+--------+--------+-----+--------+

Top non-repeatable levels by time:
     D:1: 52 daAuts
